Map: 乌雷纳

Players

Ashent

  • Race: Protoss Protoss

shengy - Winner!

  • Race: Zerg Zerg
  • League: Platinum

VOD

Have the link to the VOD?

Description

Time

  • Played on: Jan. 1, 2016, 3:17 p.m.
  • Length: 11:44
Show
View Real Time Build Order
Export as new Build Order

Ashent Protoss 

Build Orders:  

Get SALT Encoding   

  12  0:01  Probe (Chrono Boost)  
  13  0:15  Pylon  
  13  0:18  Probe (Chrono Boost)  
  14  0:29  Probe (Chrono Boost)  
  15  0:41  Forge  
  15  0:43  Probe (Chrono Boost)  
  16  0:53  Probe (Chrono Boost)  
  18  1:04  Probe (Chrono Boost)  
  18  1:09  Pylon  
  18  1:14  Probe (Chrono Boost)  
  19  1:28  Photon Cannon  
  19  1:48  Nexus  
  19  1:52  Photon Cannon  
  19  1:58  Gateway  
  19  2:01  Probe (Chrono Boost)  
  19  2:04  Assimilator  
  19  2:08  Assimilator  
  20  2:12  Probe (Chrono Boost)  
  22  2:23  Probe (Chrono Boost)  
  22  2:33  Probe (Chrono Boost)  
  23  2:45  Cybernetics Core  
  23  2:50  Gateway  
  23  2:51  Gateway  
  23  2:56  Pylon  
  23  3:00  Probe (Chrono Boost), Zealot  
  27  3:05  Probe (Chrono Boost)  
  27  3:07  Protoss Ground Weapons Level 1 (Chrono Boost)  
  27  3:11  Probe (Chrono Boost)  
  28  3:16  Probe (Chrono Boost)  
  29  3:21  Probe (Chrono Boost)  
  29  3:22  Stargate  
  29  3:26  Probe (Chrono Boost)  
  31  3:28  Warp Gate  
  31  3:33  Probe (Chrono Boost)  
  32  3:38  Probe (Chrono Boost)  
  33  3:44  Probe (Chrono Boost)  
  33  3:46  Adept x2  
  38  3:52  Pylon  
  38  4:06  Assimilator  
  38  4:08  Probe  
  38  4:10  Probe, Oracle (Chrono Boost)  
  43  4:18  Adept  
  43  4:19  Probe  
  46  4:31  Pylon  
  45  4:49  Probe, Adept  
  45  4:51  Probe  
  53  4:52  Void Ray (Chrono Boost)  
  49  5:12  Probe  
  50  5:23  Pylon, Nexus  
  50  5:24  Mothership Core  
  50  5:27  Probe  
  52  5:30  Protoss Ground Armor Level 1 (Chrono Boost)  
  53  5:40  Probe  
  53  5:41  Pylon  
  54  5:44  Pylon  
  54  5:51  Probe  
  54  5:54  Stalker x2  
  59  6:00  Probe  
  59  6:02  Probe  
  61  6:06  Gateway, Assimilator  
  61  6:07  Gateway  
  61  6:09  Gateway  
  61  6:11  Gateway  
  61  6:17  Void Ray (Chrono Boost)  
  65  6:26  Probe  
  65  6:29  Probe  
  64  6:35  Probe  
  64  6:37  Probe  
  66  6:48  Probe  
  66  6:50  Photon Cannon, Zealot  
  66  6:51  Zealot  
  71  6:58  Gateway x2  
  71  7:01  Pylon  
  71  7:02  Probe x2  
  71  7:04  Probe  
  71  7:06  Stalker x2  
  71  7:07  Stalker x2  
  82  7:13  Gateway, Probe x2  
  84  7:16  Pylon, Probe  
  85  7:22  Pylon  
  85  7:25  Pylon  
  85  7:36  Probe x2  
  85  7:40  Adept x3  
  85  7:41  Adept  
  85  7:43  Twilight Council  
  95  7:53  Probe  
  95  7:54  Probe  
  95  7:55  Assimilator  
  95  7:56  Void Ray (Chrono Boost)  
  95  7:57  Assimilator  
  95  7:58  Protoss Shields Level 1 (Chrono Boost)  
  101  8:02  Sentry x5  
  111  8:27  Resonating Glaives (Chrono Boost)  
  111  8:35  Robotics Facility  
  111  8:36  Pylon, Nexus, Robotics Facility  
  111  8:39  Pylon  
  111  8:46  Adept x2  
  111  8:47  Adept  
  117  8:58  Zealot  
  118  9:18  Probe x2  
  118  9:20  Probe  
  121  9:30  Warp Prism (Chrono Boost), Observer (Chrono Boost)  
  124  9:34  Robotics Bay  
  124  9:46  Pylon  
  125  9:53  Observer (Chrono Boost)  
  125  10:02  Zealot x2  
  130  10:07  Observer (Chrono Boost)  
  130  10:13  Probe  
  130  10:14  Probe  
  130  10:19  Zealot  
  134  10:21  Pylon  
  134  10:22  Pylon  
Show
View Real Time Build Order
Export as new Build Order

shengy Zerg - Winner!

Build Orders: Hatch First, Lurkers 

Get SALT Encoding   

  12  0:01  Drone  
  13  0:12  Drone  
  14  0:17  Overlord  
  14  0:36  Drone x3  
  17  0:57  Hatchery  
  16  1:05  Drone x2  
  18  1:19  Spawning Pool  
  17  1:45  Drone, Overlord  
  18  2:11  Zergling x6  
  18  2:12  Zergling x2  
  22  2:22  Queen  
  24  2:23  Drone  
  25  2:34  Queen  
  27  2:42  Drone x2  
  26  3:06  Hatchery, Drone x3  
  28  3:15  Drone x3  
  28  3:18  Overlord  
  31  3:34  Extractor  
  31  3:35  Drone x2  
  31  3:36  Drone, Extractor  
  31  3:38  Drone x2  
  34  3:41  Extractor  
  33  3:50  Zergling x4  
  34  4:03  Roach Warren  
  34  4:07  Overlord  
  33  4:12  Drone x3  
  33  4:16  Overlord  
  36  4:18  Lair  
  36  4:19  Queen  
  38  4:27  Spine Crawler, Zergling x2  
  39  4:31  Zergling x2  
  39  4:48  Drone x4  
  43  4:58  Spore Crawler  
  32  5:11  Drone x8  
  39  5:40  Hydralisk Den  
  39  5:42  Drone x7  
  45  5:48  Drone x3  
  48  5:54  Overlord  
  48  6:04  Spore Crawler  
  47  6:15  Hydralisk x2  
  47  6:16  Hydralisk x2  
  55  6:22  Muscular Augments  
  53  6:27  Drone  
  53  6:28  Drone x4  
  53  6:30  Drone  
  58  6:33  Overlord  
  58  6:40  Overlord  
  58  6:51  Extractor  
  57  6:55  Overlord  
  57  6:56  Drone x3  
  57  6:57  Drone x4  
  64  7:03  Evolution Chamber  
  63  7:12  Overlord  
  63  7:13  Drone x6  
  69  7:16  Drone  
  69  7:19  Drone  
  71  7:26  Drone  
  71  7:28  Zerg Ground Armor Level 1  
  72  7:31  Hydralisk x3  
  78  7:40  Lurker Den  
  78  7:41  Glial Reconstitution  
  78  7:46  Metabolic Boost  
  78  7:47  Hydralisk x2  
  82  7:52  Overseer  
  82  7:58  Drone x5  
  87  7:59  Extractor  
  87  8:03  Extractor  
  87  8:04  Drone x3  
  88  8:07  Drone  
  88  8:08  Drone  
  88  8:09  Infestation Pit  
  88  8:10  Evolution Chamber  
  88  8:17  Zergling x2  
  89  8:21  Overlord x3  
  89  8:22  Overseer  
  89  8:48  Hydralisk  
  89  8:49  Hydralisk x11  
  112  9:03  Overlord x2  
  112  9:07  Overseer  
  111  9:16  Zerg Missile Weapons Level 1  
  111  9:22  Lurker x5  
  111  9:23  Lurker  
  111  9:24  Lurker  
  118  9:29  Hydralisk  
  120  9:31  Overlord x3  
  120  9:41  Spire  
  119  9:46  Infestation Pit  
  119  9:49  Hydralisk x2  
  119  9:51  Hatchery  
  119  9:52  Extractor  
  120  9:55  Extractor  
  120  9:59  Overlord x2  
  119  10:00  Drone x3  
  119  10:01  Drone x4  
  126  10:11  Overlord x2  
  126  10:23  Hydralisk x11  
  147  10:41  Hydralisk  
  147  10:42  Infestor  
  147  11:00  Overlord  
  147  11:01  Drone  
Tags
 
Composition
Lurkers
League
Platinum
Matchup
PvZ
Add a new tag
Caveats
  • Supply blocks, unpowered buildings, or Contaminate may cause inaccurate times.
  • Supply counts are checked every 10 seconds.